 Dungeon Crawl Stone Soup version 0.21.0-25-ge575cb9 (webtiles) character file.

275 troglodite the Charmwright (level 6, -2/50 HPs)
             Began as a Gnoll Skald on Jan 25, 2018.
             Was an Initiate of Dithmenos.
             Slain by a gnoll
             ... wielding a +0 spear
              (3 damage)
             ... on level 4 of the Dungeon.
             The game lasted 00:06:34 (2776 turns).

troglodite the Charmwright (Gnoll Skald)            Turns: 2776, Time: 00:06:35

Health: -2/50      AC:  5    Str: 15    XL:     6   Next: 24%
Magic:  11/13      EV: 10    Int: 15    God:    Dithmenos [......]
Gold:   184        SH:  4    Dex: 15    Spells: 8/15 levels left

rFire    . . .     SeeInvis .   a - +0 falchion
rCold    . . .     Gourm    .   j - +0 buckler
rNeg     . . .     Faith    .   k - +0 ring mail
rPois    .         Spirit   .   (no helmet)
rElec    .         Reflect  .   (no cloak)
rCorr    .         Harm     .   (no gloves)
MR       .....                  (no boots)
Stlth    +.........             (no amulet)
HPRegen  0.16/turn              (no ring)
MPRegen  0.13/turn              (no ring)

@: constricted
A: distributed training, fangs 1, strong nose
a: Renounce Religion


You were on level 4 of the Dungeon.
You worshipped Dithmenos.
Dithmenos was noncommittal.
You were not hungry.

You visited 1 branch of the dungeon, and saw 4 of its levels.

You collected 184 gold pieces.

Inventory:

Hand Weapons
 a - a +0 falchion (weapon)
Armour
 j - a +0 buckler (worn)
 k - a +0 ring mail (worn)
Scrolls
 b - a scroll of fear {unknown}
 g - 2 scrolls of teleportation {unknown}
 h - a scroll of identify {unknown}
 i - 4 scrolls of remove curse {unknown}
 m - a scroll of enchant armour {unknown}
 n - a scroll of random uselessness {unknown}
 o - a scroll of immolation {unknown}
 q - a scroll of amnesia {unknown}
Potions
 e - 2 potions of degeneration {unknown}
 l - 2 potions of brilliance {unknown}
 p - a potion of haste {unknown}
 r - 2 potions of experience {unknown}
 s - a potion of agility {unknown}
 t - a potion of cancellation {unknown}
 u - a potion of heal wounds {unknown}
 v - a potion of curing {unknown}
Books
 c - a book of Battle

   Spells                             Type                      Level
   a - Infusion                       Charms                       1
   b - Shroud of Golubria             Charms/Translocation         2
   c - Song of Slaying                Charms                       2
   d - Spectral Weapon                Hexes/Charms                 3
   e - Regeneration                   Charms/Necromancy            3
Comestibles
 d - 6 rations
 f - 5 chunks of flesh


   Skills:
 + Level 4.9 Fighting
 + Level 1.8 Short Blades
 + Level 4.9 Long Blades
 + Level 1.8 Axes
 + Level 1.8 Maces & Flails
 + Level 1.8 Polearms
 + Level 1.8 Staves
 + Level 1.8 Slings
 + Level 1.8 Bows
 + Level 1.8 Crossbows
 + Level 1.8 Throwing
 + Level 3.1 Armour
 + Level 4.9 Dodging
 + Level 1.8 Stealth
 + Level 1.8 Shields
 + Level 1.8 Unarmed Combat
 + Level 5.3 Spellcasting
 + Level 1.4 Conjurations
 + Level 1.4 Hexes
 + Level 5.6 Charms
 + Level 1.4 Summonings
 + Level 1.4 Necromancy
 + Level 1.4 Translocations
 + Level 1.4 Transmutations
 + Level 1.4 Fire Magic
 + Level 1.4 Ice Magic
 + Level 1.4 Air Magic
 + Level 1.4 Earth Magic
 + Level 1.4 Poison Magic
 + Level 2.0 Invocations
 + Level 1.8 Evocations


You had 8 spell levels left.
You knew the following spells:

 Your Spells              Type           Power        Failure   Level  Hunger
a - Infusion              Chrm           ###.         3%          1    None
b - Spectral Weapon       Hex/Chrm       ##......     28%         3    ###....
c - Regeneration          Chrm/Necr      ##........   28%         3    ###....


Dungeon Overview and Level Annotations

Branches:
Dungeon (4/15)
 Temple: D:4-7

Altars:
Dithmenos
Kikubaaqudgha
Qazlal
Sif Muna
Uskayaw
Vehumet


Innate Abilities, Weirdness & Mutations

Your experience applies equally to all skills.
You have very sharp teeth.
Your uncanny sense of smell can sniff out nearby items.


Message History

The giant cockroach is almost dead.
Your spectral weapon hits the giant cockroach but does no damage.
The bullfrog skeleton hits you.
The gnoll hits you from afar with a halberd.
The giant cockroach barely misses you. The gnoll misses you.
The howler monkey hits you.
* * * LOW HITPOINT WARNING * * *
You block the ball python's attack. The ball python constricts you.
The bullfrog skeleton barely misses you.
You barely miss the giant cockroach.
The giant cockroach is almost dead.
Your spectral weapon barely misses the giant cockroach.
The giant cockroach barely misses you.
The gnoll hits you from afar with a halberd!
* * * LOW HITPOINT WARNING * * *
The howler monkey barely misses you. The ball python bites you.
* * * LOW HITPOINT WARNING * * *
The ball python constricts you.
The gnoll hits you from afar with a spear.
You die...

.#.# . ..# .#.#?# #.#..#
.#.#.#.# # #.....#
.....#.#.#.#.#.....
#...#.#.#.#......#
.#+....#.#.#.agg...#.
.#.#...#.<.#.#hS......
.#.#.#.#.#.#.(s@Z......
.#.#!#.#.#.#.#..###.....
#.#.#.#%#.#.#...# ≈≈≈
.#.#.#.#.#.#.#..# .
#.#.#.#.#.#.#.#..≈%
.#.#.#.#.#.#.#..?≈...
#.#.#.#.#.#.#.#..≈...
.#.#.#.#.#.#.....≈...
#.#.#.#.#.#......≈...


You could see a howler monkey, a worker ant, 2 gnolls, a giant cockroach, a ball
python, a bullfrog skeleton and a friendly spectral falchion.

Vanquished Creatures
  Sigmund (D:3)
  A jelly (D:2)
  2 adders (D:3)
  2 worms (D:2)
  A dart slug (D:2)
  5 leopard geckos
  An orc (D:3)
  7 giant cockroaches
  8 goblins
  9 hobgoblins
  4 jackals (D:1)
  A quokka (D:3)
  A ball python (D:1)
  7 bats
  2 frilled lizards
  6 kobolds
  7 rats
65 creatures vanquished.

Notes
Turn   | Place    | Note
-------+----------+-------------------------------------------
     0 | D:1      | troglodite the Gnoll Skald began the quest for the Orb.
     0 | D:1      | Reached XP level 1. HP: 20/20 MP: 6/6
   285 | D:1      | Reached XP level 2. HP: 24/26 MP: 7/7
   585 | D:1      | Reached XP level 3. HP: 27/31 MP: 9/9
   604 | D:1      | Learned a level 3 spell: Spectral Weapon
   608 | D:1      | Learned a level 3 spell: Regeneration
   617 | D:1      | Reached skill level 5 in Spellcasting
   781 | D:1      | Reached skill level 1 in Invocations
  1227 | D:2      | Reached skill level 1 in Short Blades
  1227 | D:2      | Reached skill level 1 in Axes
  1227 | D:2      | Reached skill level 1 in Maces & Flails
  1227 | D:2      | Reached skill level 1 in Polearms
  1227 | D:2      | Reached skill level 1 in Staves
  1227 | D:2      | Reached skill level 1 in Slings
  1227 | D:2      | Reached skill level 1 in Bows
  1227 | D:2      | Reached skill level 1 in Crossbows
  1227 | D:2      | Reached skill level 1 in Throwing
  1227 | D:2      | Reached skill level 1 in Stealth
  1227 | D:2      | Reached skill level 1 in Shields
  1227 | D:2      | Reached skill level 1 in Unarmed Combat
  1227 | D:2      | Reached skill level 1 in Evocations
  1227 | D:2      | Reached XP level 4. HP: 37/38 MP: 11/11
  1290 | D:2      | Found a stormy altar of Qazlal.
  1348 | D:2      | Found a radiant altar of Vehumet.
  1352 | D:2      | Found an ancient bone altar of Kikubaaqudgha.
  1354 | D:2      | Found a deep blue altar of Sif Muna.
  1370 | D:2      | Identified Sif Muna's Reference Book on the Voyage
  1607 | D:2      | Reached skill level 1 in Conjurations
  1607 | D:2      | Reached skill level 1 in Hexes
  1607 | D:2      | Reached skill level 1 in Summonings
  1607 | D:2      | Reached skill level 1 in Necromancy
  1607 | D:2      | Reached skill level 1 in Translocations
  1607 | D:2      | Reached skill level 1 in Transmutations
  1607 | D:2      | Reached skill level 1 in Fire Magic
  1607 | D:2      | Reached skill level 1 in Ice Magic
  1607 | D:2      | Reached skill level 1 in Air Magic
  1607 | D:2      | Reached skill level 1 in Earth Magic
  1607 | D:2      | Reached skill level 1 in Poison Magic
  2340 | D:3      | Reached XP level 5. HP: 43/43 MP: 12/12
  2418 | D:3      | Found a hide-covered altar of Uskayaw.
  2419 | D:3      | Noticed a dagger
  2419 | D:3      | Noticed a hand axe
  2576 | D:3      | Found a shadowy altar of Dithmenos.
  2576 | D:3      | Noticed Sigmund
  2586 | D:3      | Killed Sigmund
  2586 | D:3      | Reached XP level 6. HP: 34/50 MP: 7/13
  2634 | D:3      | Became a worshipper of Dithmenos the Shadowed
  2776 | D:4      | HP: 2/50 [gnoll/halberd (11)]
  2776 | D:4      | Slain by a gnoll

Skill      XL: |  1  2  3  4  5 |
---------------+----------------+-----
Spellcasting   | 5 |  5.3
Invocations    | 1 2 |  2.0
Short Blades   | 1 |  1.8
Axes           | 1 |  1.8
Maces & Flails | 1 |  1.8
Polearms       | 1 |  1.8
Staves         | 1 |  1.8
Slings         | 1 |  1.8
Bows           | 1 |  1.8
Crossbows      | 1 |  1.8
Throwing       | 1 |  1.8
Stealth        | 1 |  1.8
Shields        | 1 |  1.8
Unarmed Combat | 1 |  1.8
Evocations     | 1 |  1.8
Conjurations   | 1 |  1.4
Hexes          | 1 |  1.4
Summonings     | 1 |  1.4
Necromancy     | 1 |  1.4
Translocations | 1 |  1.4
Transmutations | 1 |  1.4
Fire Magic     | 1 |  1.4
Ice Magic      | 1 |  1.4
Air Magic      | 1 |  1.4
Earth Magic    | 1 |  1.4
Poison Magic   | 1 |  1.4
Armour         | 3 |  3.1
Fighting       | |  4.9
Long Blades    | |  4.9
Dodging        | |  4.9
Charms         | |  5.6

Action                   |  1- 3 |  4- 6 || total
-------------------------+-------+-------++-------
Melee: Falchion          |   105 |   105 ||   210
       Bite              |    11 |    14 ||    25
 Cast: Spectral Weapon   |       |     2 ||     2
  Eat: Chunk             |     1 |     5 ||     6
Armor: Leather armour    |    14 |       ||    14
       Ring mail         |    24 |    28 ||    52
Dodge: Dodged            |    75 |    72 ||   147
Block: Buckler           |    18 |    19 ||    37
       Rpst.: Falchion   |    26 |    22 ||    48
